General information
- name: htown
- type: Custom game
- host: eTCHa(oNe)
- saver: TheWispFarmer
map: CentaurGrove
- players: 2
- length: 19:46
- speed: Fast
- version: 1.24 W3XP
- replay type: Public
» download(48 KB)
Players
team 1 (winner)
eTCHa(oNe) (
brown | 44 APM | 860 actions | 19:34)
5 Paladin
2 Holy Light
2 Divine Shield
1 Devotion Aura
» actions
| Assign group hotkey | 31 | |
| Build / train | 47 | |
| Enter build submenu | 18 | |
| Enter hero's abilities submenu | 5 | |
| Right click | 286 | |
| Select / deselect | 138 | |
| Select group hotkey | 285 | |
| Use ability | 50 | |
860 total
» units
| Peasant | 7 | |
| Footman | 14 | |
| Rifleman | 6 | |
27 total
» upgrades
| Swords | 2 | |
| Defend | 1 | |
| Gunpowder | 2 | |
| Plating | 2 | |
| Armor | 2 | |
| Lumber Harvesting | 1 | |
| Long Rifles | 1 | |
11 total
» buildings
| Altar of Kings | 1 | |
| Farm | 7 | |
| Barracks | 1 | |
| Blacksmith | 1 | |
| Lumber Mill | 1 | |
| Town Hall | 2 | |
| Scout Tower | 3 | |
| Arcane Tower | 2 | |
| Keep | 1 | |
19 total
» build order
00:03 Altar of Kings
00:08 Farm
00:14 Barracks
00:53 Farm
02:10 Blacksmith
03:16 Farm
04:16 Farm
05:46 Lumber Mill
05:56 Farm
06:21 Town Hall
07:18 Scout Tower
08:03 Arcane Tower
08:51 Scout Tower
09:08 Keep
09:20 Arcane Tower
09:23 Scout Tower
11:09 Farm
17:04 Town Hall
18:46 Farm
TheWispFarmer (
purple | 37 APM | 726 actions | 19:46)
5 Death Knight
3 Death Coil
2 Unholy Aura
4 Lich
2 Frost Nova
2 Frost Armor
» actions
| Assign group hotkey | 28 | |
| Build / train | 46 | |
| Enter build submenu | 20 | |
| Enter hero's abilities submenu | 9 | |
| Give item / drop item | 1 | |
| Right click | 257 | |
| Select / deselect | 127 | |
| Select group hotkey | 193 | |
| Use ability | 45 | |
726 total
» units
| Acolyte | 7 | |
| Ghoul | 2 | |
| Crypt Fiend | 8 | |
| Obsidian Statue | 2 | |
| Frost Wyrm | 6 | |
25 total
» upgrades
| Creature Attack | 3 | |
| Creature Carapace | 2 | |
| Web | 1 | |
| Freezing Breath | 1 | |
7 total
» buildings
| Graveyard | 1 | |
| Crypt | 1 | |
| Altar of Darkness | 1 | |
| Ziggurat | 8 | |
| Tomb of Relics | 1 | |
| Halls of the Dead | 1 | |
| Slaughterhouse | 1 | |
| Sacrificial Pit | 1 | |
| Necropolis | 1 | |
| Black Citadel | 1 | |
| Boneyard | 2 | |
19 total
» build order
00:12 Graveyard
00:17 Crypt
00:42 Altar of Darkness
00:59 Ziggurat
01:12 Tomb of Relics
01:54 Ziggurat
02:57 Halls of the Dead
04:15 Ziggurat
05:40 Slaughterhouse
05:43 Sacrificial Pit
05:56 Ziggurat
09:24 Necropolis
09:53 Black Citadel
10:52 Ziggurat
10:53 Ziggurat
12:11 Ziggurat
13:46 Boneyard
15:07 Boneyard
16:23 Ziggurat
» items
Chat log
(06:30 / Allies) eTCHa(oNe): shit
(06:52 / Allies) TheWispFarmer: ...
(06:53 / Allies) eTCHa(oNe): you have units
(09:36 / Allies) TheWispFarmer: care
(09:41 / Allies) TheWispFarmer: comin
(09:52 / Allies) eTCHa(oNe): wtfd
(09:57 / Allies) eTCHa(oNe): I JUST DRANK A POTION
(11:04 / Allies) TheWispFarmer: red comin
(11:20 / Allies) eTCHa(oNe): go for main
(11:24 / Allies) eTCHa(oNe): and farms
(11:43 / Allies) eTCHa(oNe): herop
(12:25 / Allies) eTCHa(oNe): lets get xpos
(12:26 / Allies) TheWispFarmer: wwod for boneyard
(12:32 / Allies) TheWispFarmer: got one
(13:16 / Allies) TheWispFarmer: wood
(13:18 / Allies) eTCHa(oNe): ima take this min
(13:32 / Allies) TheWispFarmer: wiood
(13:44 / Allies) eTCHa(oNe): lead
(14:47 / Allies) TheWispFarmer: check
(15:57 / Allies) TheWispFarmer: lol
(16:04 / Allies) TheWispFarmer: mad murderous
(17:06 / Allies) TheWispFarmer: wood?
(17:55 / Allies) TheWispFarmer: wow we kicked ass